XFBL
DETROIT TIGERS @ NEW YORK YANKEES
04/24/1982
 
TOP OF THE 1ST
Detroit Tigers batting - Pitching for New York Yankees : RHP Steve Shields
Pitching: RHP Steve Shields
Batting: SHB Lee Mazzilli 0-0: Called Strike
0-1: Ground out 3-1 (Groundball, 34, EV 83.8 MPH)
Batting: RHB Rusty Tillman 0-0: Ball
1-0: Foul Ball, location: 2F
1-1: Ball
2-1: Foul Ball, location: 2F
2-2: Strikes out looking
Batting: SHB Tony Phillips 0-0: Ball
1-0: Called Strike
1-1: Fly out, F9 (Line Drive, 9, EV 85.6 MPH)
Top of the 1st over - 0 runs, 0 hits, 0 errors, 0 left on base; Detroit 0 - New York 0
BOTTOM OF THE 1ST
New York Yankees batting - Pitching for Detroit Tigers : RHP Edwin Ramirez
Pitching: RHP Edwin Ramirez
Batting: SHB Willie Wilson 0-0: Ground out 3-1 (Groundball, 34, EV 100.0 MPH)
Batting: RHB David Hall 0-0: Ball
1-0: SINGLE (Line Drive, 4D, EV 97.5 MPH)
Batting: LHB Wade Boggs 0-0: Ball
1-0: Foul Ball, location: 2F
1-1: Grounds into double play, 5-4-3 (Groundball, 56, EV 102.5 MPH)
Bottom of the 1st over - 0 runs, 1 hit, 0 errors, 0 left on base; Detroit 0 - New York 0
TOP OF THE 2ND
Detroit Tigers batting - Pitching for New York Yankees : RHP Steve Shields
Batting: LHB Greg Brock 0-0: Ball
1-0: SINGLE (Line Drive, 7S, EV 108.1 MPH)
Batting: RHB Larry Parrish 0-0: Ball
1-0: Foul Ball, location: 2F
1-1: Called Strike
1-2: Foul Ball, location: 2F
1-2: Strikes out looking
Batting: RHB Andre Thornton 0-0: Ball
1-0: Called Strike
1-1: Ball
2-1: Foul Ball, location: 2F
2-2: Strikes out swinging
Batting: LHB Randy S Johnson 0-0: Ball
1-0: 2-RUN HOME RUN (Flyball, 89XD, EV 100.6 MPH), Distance : 434 ft
Batting: LHB Dan Graham 0-0: Called Strike
0-1: Fly out, F8 (Flyball, 8RS, EV 83.8 MPH)
Top of the 2nd over - 2 runs, 2 hits, 0 errors, 0 left on base; Detroit 2 - New York 0
BOTTOM OF THE 2ND
New York Yankees batting - Pitching for Detroit Tigers : RHP Edwin Ramirez
Batting: LHB Kent Hrbek 0-0: SINGLE (Groundball, 6MD, EV 104.4 MPH)
Batting: RHB Pedro Guerrero 0-0: Ball
1-0: Swinging Strike
1-1: Fly out, F4 (Popup, 13, EV 76.3 MPH)
Batting: LHB George Kaage 0-0: Ball
1-0: Ball
2-0: Ball
3-0: Called Strike
3-1: Foul Ball, location: 2F
3-2: Strikes out swinging
Batting: RHB Emanuel Cortez 0-0: Ball
1-0: Ball
2-0: Ball
3-0: Called Strike
3-1: Foul Ball, location: 2F
3-2: Foul Ball, location: 2F
3-2: Foul Ball, location: 2F
3-2: Foul Ball, location: 2F
3-2: DOUBLE (Line Drive, 89M, EV 108.8 MPH)
Kent Hrbek to third
Kent Hrbek scores
Batting: SHB Jerry Manuel 0-0: Ball
1-0: Ball
2-0: Ball
3-0: Base on Balls
Batting: LHB Tim Norrid 0-0: Called Strike
0-1: Ball
1-1: Foul Ball, location: 2F
1-2: Ball
2-2: Foul Ball, location: 2F
2-2: Strikes out swinging, 2-3 out at first.
Bottom of the 2nd over - 1 run, 2 hits, 0 errors, 2 left on base; Detroit 2 - New York 1
TOP OF THE 3RD
Detroit Tigers batting - Pitching for New York Yankees : RHP Steve Shields
Batting: RHB Mike Sproles 0-0: Ball
1-0: Ball
2-0: Ball
3-0: Called Strike
3-1: Called Strike
3-2: Strikes out swinging
Batting: SHB Lee Mazzilli 0-0: Ball
1-0: Called Strike
1-1: Foul Ball, location: 2F
1-2: Strikes out looking
Batting: RHB Rusty Tillman 0-0: Ball
1-0: Ball
2-0: Called Strike
2-1: Swinging Strike
2-2: Foul Ball, location: 2F
2-2: Foul Ball, location: 2F
2-2: Strikes out swinging
Top of the 3rd over - 0 runs, 0 hits, 0 errors, 0 left on base; Detroit 2 - New York 1
BOTTOM OF THE 3RD
New York Yankees batting - Pitching for Detroit Tigers : RHP Edwin Ramirez
Batting: SHB Willie Wilson 0-0: Called Strike
0-1: Foul Ball, location: 2F
0-2: SINGLE (Groundball, 34D, EV 95.0 MPH)
Batting: RHB David Hall 0-0: Ball
Willie Wilson steals 2nd base (no throw)
1-0: Ball
2-0: Ball
3-0: Called Strike
3-1: Fly out, F8 (Line Drive, 8LD, EV 95.0 MPH)
Batting: LHB Wade Boggs 0-0: Foul Ball, location: 2F
0-1: Swinging Strike
0-2: SINGLE (Groundball, 4MD, EV 94.4 MPH)
Willie Wilson to third
Runner from 3rd tries for Home, SAFE, throw by CF to home
Batting: LHB Kent Hrbek 0-0: Called Strike
0-1: Swinging Strike
0-2: Ball
1-2: Foul Ball, location: 2F
1-2: Ball
2-2: Strikes out looking
Batting: RHB Pedro Guerrero 0-0: Ball
1-0: Called Strike
1-1: Ball
2-1: Foul Ball, location: 2F
2-2: Fielders Choice at 2nd, 6-4 (Groundball, 6, EV 101.3 MPH)
Bottom of the 3rd over - 1 run, 2 hits, 0 errors, 1 left on base; Detroit 2 - New York 2
TOP OF THE 4TH
Detroit Tigers batting - Pitching for New York Yankees : RHP Steve Shields
Batting: SHB Tony Phillips 0-0: Ball
1-0: Ball
2-0: Called Strike
2-1: Called Strike
2-2: Ball
3-2: Foul Ball, location: 2F
3-2: Base on Balls
Batting: LHB Greg Brock 0-0: Ball
Tony Phillips is caught stealing 2nd base 2-6
1-0: Called Strike
1-1: Ball
2-1: Ball
3-1: Base on Balls
Batting: RHB Larry Parrish 0-0: Called Strike
0-1: Ball
1-1: Foul Ball, location: 2F
1-2: Strikes out looking
Batting: RHB Andre Thornton 0-0: Ball
1-0: Called Strike
1-1: Foul Ball, location: 2F
1-2: Strikes out swinging
Top of the 4th over - 0 runs, 0 hits, 0 errors, 1 left on base; Detroit 2 - New York 2
BOTTOM OF THE 4TH
New York Yankees batting - Pitching for Detroit Tigers : RHP Edwin Ramirez
Batting: LHB George Kaage 0-0: Ball
1-0: Ball
2-0: Fly out, F8 (Flyball, 8LD, EV 80.0 MPH)
Batting: RHB Emanuel Cortez 0-0: Ball
1-0: Called Strike
1-1: Ball
2-1: Ball
3-1: Ground out 6-3 (Groundball, 6, EV 104.4 MPH)
Batting: SHB Jerry Manuel 0-0: Called Strike
0-1: Swinging Strike
0-2: Strikes out looking
Bottom of the 4th over - 0 runs, 0 hits, 0 errors, 0 left on base; Detroit 2 - New York 2
TOP OF THE 5TH
Detroit Tigers batting - Pitching for New York Yankees : RHP Steve Shields
Batting: LHB Randy S Johnson 0-0: Ball
1-0: Called Strike
1-1: Ball
2-1: Fly out, F8 (Flyball, 8LXD, EV 100.6 MPH)
Batting: LHB Dan Graham 0-0: Ball
1-0: Foul Ball, location: 2F
1-1: Called Strike
1-2: Strikes out swinging
Batting: RHB Mike Sproles 0-0: Ball
1-0: Ball
2-0: Foul Ball, location: 2F
2-1: Foul Ball, location: 2F
2-2: Strikes out swinging
Top of the 5th over - 0 runs, 0 hits, 0 errors, 0 left on base; Detroit 2 - New York 2
BOTTOM OF THE 5TH
New York Yankees batting - Pitching for Detroit Tigers : RHP Edwin Ramirez
Batting: LHB Tim Norrid 0-0: Ball
1-0: SOLO HOME RUN (Flyball, 9LD, EV 91.9 MPH), Distance : 361 ft
Batting: SHB Willie Wilson 0-0: Called Strike
0-1: Ball
1-1: Ball
2-1: Swinging Strike
2-2: Ball
3-2: Strikes out looking
Batting: RHB David Hall 0-0: Foul Ball, location: 2F
0-1: Ball
1-1: Foul Ball, location: 2F
1-2: Strikes out swinging
Batting: LHB Wade Boggs 0-0: Called Strike
0-1: Ball
1-1: Swinging Strike
1-2: Fly out, F7 (Flyball, 7, EV 86.9 MPH)
Bottom of the 5th over - 1 run, 1 hit, 0 errors, 0 left on base; Detroit 2 - New York 3
TOP OF THE 6TH
Detroit Tigers batting - Pitching for New York Yankees : RHP Steve Shields
Batting: SHB Lee Mazzilli 0-0: Ball
1-0: Ball
2-0: Ball
3-0: Called Strike
3-1: Foul Ball, location: 2F
3-2: Foul Ball, location: 2F
3-2: Ground out 3-1 (Groundball, 13, EV 81.9 MPH)
Batting: RHB Rusty Tillman 0-0: Ball
1-0: Ball
2-0: Ball
3-0: Called Strike
3-1: Swinging Strike
3-2: Foul Ball, location: 2F
3-2: Base on Balls
Batting: SHB Tony Phillips 0-0: Ball
1-0: Ball
2-0: Foul Ball, location: 2F
2-1: Foul Ball, location: 2F
2-2: Fly out, F8 (Line Drive, 8RD, EV 91.3 MPH)
Batting: LHB Greg Brock 0-0: Ball
1-0: Foul Ball, location: 2F
1-1: Called Strike
1-2: Ball
2-2: Ball
Rusty Tillman steals 2nd base
3-2: Ground out 4-3 (Groundball, 4, EV 90.6 MPH)
Top of the 6th over - 0 runs, 0 hits, 0 errors, 1 left on base; Detroit 2 - New York 3
BOTTOM OF THE 6TH
New York Yankees batting - Pitching for Detroit Tigers : RHP Edwin Ramirez
Batting: LHB Kent Hrbek 0-0: Called Strike
0-1: Ball
1-1: Ground out 4-3 (Groundball, 4, EV 103.8 MPH)
Batting: RHB Pedro Guerrero 0-0: Swinging Strike
0-1: Ball
1-1: Ball
2-1: Swinging Strike
2-2: Foul Ball, location: 2F
2-2: Ball
3-2: Foul Ball, location: 2F
3-2: Strikes out swinging
Batting: LHB George Kaage 0-0: SINGLE (Line Drive, 78M, EV 105.6 MPH)
Batting: RHB Emanuel Cortez 0-0: Ball
1-0: Ball
2-0: Swinging Strike
2-1: Ground out 4-3 (Groundball, 13, EV 87.5 MPH)
Bottom of the 6th over - 0 runs, 1 hit, 0 errors, 1 left on base; Detroit 2 - New York 3
TOP OF THE 7TH
Detroit Tigers batting - Pitching for New York Yankees : RHP Steve Shields
Batting: RHB Larry Parrish 0-0: Ball
1-0: Called Strike
1-1: Ball
2-1: Swinging Strike
2-2: Strikes out swinging
Batting: RHB Andre Thornton 0-0: SINGLE (Groundball, 6MD, EV 103.1 MPH)
Batting: LHB Randy S Johnson 0-0: Called Strike
0-1: Ball
1-1: Called Strike
1-2: Strikes out swinging
Batting: LHB Dan Graham 0-0: Called Strike
Andre Thornton steals 2nd base
0-1: SINGLE (Groundball, 4D, EV 103.1 MPH)
Andre Thornton to third
Runner from 3rd tries for Home, SAFE, throw by CF to home
Batting: RHB Mike Sproles 0-0: Foul Ball, location: 2F
0-1: Ball
1-1: Ball
2-1: Fielders Choice at 2nd, 6-4 (Groundball, 6, EV 91.3 MPH)
Top of the 7th over - 1 run, 2 hits, 0 errors, 1 left on base; Detroit 3 - New York 3
BOTTOM OF THE 7TH
New York Yankees batting - Pitching for Detroit Tigers : RHP Edwin Ramirez
Batting: SHB Jerry Manuel 0-0: Foul Ball, location: 2F
0-1: Ball
1-1: Ball
2-1: Swinging Strike
2-2: Strikes out swinging
Batting: LHB Tim Norrid 0-0: Called Strike
0-1: Called Strike
0-2: Strikes out swinging
Batting: SHB Willie Wilson 0-0: Ball
1-0: DOUBLE (Line Drive, 3D, EV 101.3 MPH)
Batting: RHB David Hall 0-0: Swinging Strike
0-1: Foul Ball, location: 2F
0-2: Strikes out looking
Bottom of the 7th over - 0 runs, 1 hit, 0 errors, 1 left on base; Detroit 3 - New York 3
TOP OF THE 8TH
Detroit Tigers batting - Pitching for New York Yankees : RHP Steve Shields
Pitching: RHP Manny Sarmiento
Batting: SHB Lee Mazzilli 0-0: Foul Ball, location: 2F
0-1: Ball
1-1: Foul Ball, location: 2F
1-2: SINGLE (Line Drive, 5D, EV 95.6 MPH)
Batting: RHB Rusty Tillman 0-0: Ball
1-0: Called Strike
Lee Mazzilli steals 2nd base
1-1: Sac Bunt to 25 - play at first, batter OUT! 5-3
Lee Mazzilli to third
Batting: SHB Tony Phillips 0-0: Intentional Walk
Batting: LHB Greg Brock 0-0: SINGLE (Flyball, 7S, EV 99.4 MPH)
Lee Mazzilli scores
Tony Phillips to second
Batting: RHB Larry Parrish 0-0: Grounds into double play, 6-4-3 (Groundball, 6, EV 89.4 MPH)
Top of the 8th over - 1 run, 2 hits, 0 errors, 1 left on base; Detroit 4 - New York 3
BOTTOM OF THE 8TH
New York Yankees batting - Pitching for Detroit Tigers : RHP Edwin Ramirez
Batting: LHB Wade Boggs 0-0: Foul Ball, location: 2F
0-1: Foul Ball, location: 2F
0-2: Ball
1-2: Ball
2-2: Foul Ball, location: 2F
2-2: SINGLE (Groundball, 56S, EV 67.5 MPH) (infield hit)
Batting: LHB Kent Hrbek 0-0: Called Strike
0-1: Ball
1-1: Ball
2-1: Fly out, F8 (Flyball, 8LM, EV 85.0 MPH)
Batting: RHB Pedro Guerrero 0-0: Ball
1-0: Ball
2-0: Ball
3-0: Foul Ball, location: 2F
3-1: Foul Ball, location: 2F
3-2: Strikes out swinging
Batting: LHB George Kaage 0-0: Called Strike
0-1: Foul Ball, location: 2F
0-2: Foul Ball, location: 2F
0-2: Fly out, F7 (Flyball, 78M, EV 96.3 MPH)
Bottom of the 8th over - 0 runs, 1 hit, 0 errors, 1 left on base; Detroit 4 - New York 3
TOP OF THE 9TH
Detroit Tigers batting - Pitching for New York Yankees : RHP Manny Sarmiento
Batting: RHB Andre Thornton 0-0: Called Strike
0-1: Ball
1-1: Swinging Strike
1-2: Foul Ball, location: 2F
1-2: Strikes out looking
Batting: LHB Randy S Johnson 0-0: Reached on error, E8 (Flyball, 8LD, EV 106.3 MPH)
Batting: LHB Dan Graham 0-0: Intentional Walk
Pinch Runner at 2nd Nick Capra:
Batting: RHB Mike Sproles 0-0: Called Strike
0-1: Foul Ball, location: 2F
0-2: Ball
1-2: Ball
2-2: Ball
3-2: Foul Ball, location: 2F
3-2: Ground out 6-3 (Groundball, 6M, EV 85.0 MPH)
Nick Capra to third
Dan Graham to second
Pitching: LHP Jose Paz
Batting: SHB Lee Mazzilli 0-0: Foul Ball, location: 2F
0-1: Ball
1-1: Foul Ball, location: 2F
1-2: Foul Ball, location: 2F
1-2: Ball
2-2: Ball
3-2: Base on Balls
Batting: RHB Rusty Tillman 0-0: Ball
1-0: Called Strike
1-1: Foul Ball, location: 2F
1-2: Fly out, F7 (Flyball, 7D, EV 83.8 MPH)
Top of the 9th over - 0 runs, 0 hits, 1 error, 3 left on base; Detroit 4 - New York 3
BOTTOM OF THE 9TH
New York Yankees batting - Pitching for Detroit Tigers : RHP Edwin Ramirez
Pitching: LHP Mark Fisher
Now at 1B: William Young
Now in RF: Rusty Kuntz
Batting: RHB Emanuel Cortez 0-0: Called Strike
0-1: Foul Ball, location: 2F
0-2: Foul Ball, location: 2F
0-2: Ball
1-2: Fly out, F8 (Flyball, 8RD, EV 89.4 MPH)
Batting: SHB Jerry Manuel 0-0: Foul Ball, location: 2F
0-1: Ball
1-1: Ground out 6-3 (Groundball, 6, EV 85.6 MPH)
Pinch Hitting: RHB Ezequiel Menjibar 0-0: Called Strike
0-1: Ball
1-1: Foul Ball, location: 2F
1-2: Strikes out swinging
Bottom of the 9th over - 0 runs, 0 hits, 0 errors, 0 left on base; Detroit 4 - New York 3
Wednesday, July 22nd, 2020 - OOTP Baseball 21.4 Build 63